 Dungeon Crawl Stone Soup version 0.29.1-1-gd02db6906a (webtiles) character file.

Game seed: 1809805118770037799

1701 EvilAshe the Slasher (level 9, -1/69 HPs)
             Began as a Human Fighter on Sept 27, 2022.
             Was a Believer of Okawaru.
             Slain by a steam dragon (3 damage)
             ... on level 5 of the Dungeon.
             The game lasted 00:13:41 (7234 turns).

EvilAshe the Slasher (Human Fighter)                Turns: 7234, Time: 00:13:42

Health: -1/69      AC: 17    Str: 22    XL:     9   Next: 23%
Magic:  9/9        EV:  4    Int: 12    God:    Okawaru [**....]
Gold:   308        SH:  8    Dex: 12    Spells: 8/8 levels left

rFire   . . .      SeeInvis +   a - +0 long sword
rCold   + . .      Faith    .   K - +0 kite shield
rNeg    . . .      Spirit   .   e - +0 plate armour
rPois   .          Reflect  .   j - +0 helmet
rElec   .          Harm     .   m - +0 cloak
rCorr   .          Rampage  .   J - +0 pair of gloves
Will    +....                   D - +0 pair of boots
Stlth   ..........              (no amulet)
HPRegen 0.21/turn               b - ring of see invisible
MPRegen 0.11/turn               B - ring of Benevolence {Fly rC+ Will+ Int+4}

@: flying
A: no striking features
a: Renounce Religion, Heroism


You were on level 5 of the Dungeon.
You worshipped Okawaru.
Okawaru was pleased with you.
You visited 2 branches of the dungeon, and saw 7 of its levels.

You collected 308 gold pieces.

Inventory:

Hand Weapons
 a - a +0 long sword (weapon)
Missiles
 f - 58 stones
 l - 6 boomerangs (quivered)
Armour
 e - a +0 plate armour (worn)
 j - a +0 helmet (worn)
 m - a +0 cloak (worn)
 D - a +0 pair of boots (worn)
 J - a +0 pair of gloves (worn)
 K - a +0 kite shield (worn)
Jewellery
 b - a ring of see invisible (left hand)
 A - a ring of flight
 B - the ring of Benevolence (right hand) {Fly rC+ Will+ Int+4}
   (You found it on level 5 of the Dungeon)

   [ring of flight]

   Int:       It affects your intelligence (+4).
   rC:        It protects you from cold.
   Fly:       It grants you flight.
   Will:      It increases your willpower.
Wands
 x - a wand of paralysis (13)
Scrolls
 d - a scroll of enchant armour {unknown}
 i - a scroll of fear
 o - a scroll of noise {unknown}
 q - a scroll of immolation {unknown}
 r - a scroll of poison {unknown}
 s - a scroll of teleportation {unknown}
 t - a scroll of amnesia {unknown}
 u - a scroll of identify
 v - a scroll of blinking
 y - a scroll of enchant weapon {unknown}
 E - a scroll of brand weapon {unknown}
 F - a scroll of torment {unknown}
 H - a scroll of magic mapping {unknown}
Potions
 g - 2 potions of flight
 h - a potion of curing
 k - 3 potions of lignification
 n - a potion of attraction {unknown}
 p - 4 potions of heal wounds
 w - 5 potions of mutation
 z - 2 potions of invisibility {unknown}
 C - a potion of resistance {unknown}
 G - 2 potions of berserk rage {unknown}
 I - a potion of magic {unknown}


   Skills:
 - Level 5.8 Fighting
 * Level 7.6 Long Blades
 + Level 5.9 Armour
 + Level 3.1 Shields
 - Level 4.0 Evocations


You had 8 spell levels left.
You didn't know any spells.
Your spell library contained the following spells:

 Spells                   Type           Power      Damage    Failure   Level
 Freeze                   Ice            0%         1d3       100%        1
 Frozen Ramparts          Ice            0%         1d1       100%        3
 Hailstorm                Conj/Ice       0%         3d3       100%        4


Dungeon Overview and Level Annotations

Branches:
Dungeon (6/15)             Temple (1/1) D:5

Altars:
Dithmenos
Hepliaklqana
Kikubaaqudgha
Makhleb
Nemelex Xobeh
Okawaru
Qazlal
Ru
Sif Muna
Uskayaw
Vehumet
Wu Jian
Xom
Yredelemnul

Shops:
D:6 *

Annotations:
D:4 Eustachio
D:5 3 runed translucent doors, CoolSool's ghost, novice DrTm


Message History

You block the steam dragon's attack.
There is a stone staircase leading up here.
The steam dragon bites you but does no damage.
The steam dragon claws you but does no damage.
You fly upwards.
Level annotation: 3 runed translucent doors, CoolSool's ghost, novice DrTm
There is a stone staircase leading down here.
You barely miss the steam dragon. You block the steam dragon's attack.
The steam dragon claws you but does no damage.
The steam dragon breathes steam at you. The ball of steam hits you.
You closely miss the steam dragon.
You are engulfed in a cloud of scalding steam.
The steam dragon barely misses you. You block the steam dragon's attack.
The steam dragon bites you but does no damage.
You block the steam dragon's attack.
You slash the steam dragon!
The steam dragon is moderately wounded.
The steam dragon bites you. The steam dragon claws you.
You hit the steam dragon.
The steam dragon is moderately wounded.
The steam dragon bites you but does no damage.
The steam dragon claws you.
You slash the steam dragon!
The steam dragon is severely wounded.
The steam dragon bites you but does no damage.
You block the steam dragon's attack.
You hit the steam dragon but do no damage.
The steam dragon is severely wounded.
The steam dragon bites you. You block the steam dragon's attack.
The steam dragon breathes steam at you. The ball of steam hits you!!
* * * LOW HITPOINT WARNING * * *
You hit the steam dragon.
The steam dragon is severely wounded.
You are engulfed in a cloud of scalding steam.
* * * LOW HITPOINT WARNING * * *
The steam dragon bites you but does no damage.
The steam dragon claws you.
You die...

#..#########.##
#..#..........#
#..#.#####.##.# ###..#.#
###.##.# #....#.# #..#.#.#
#.#.##.# #.#.##)#
#.#....###...##<# #####
#...#.D>...#..).# ....###
#...#.@....#.#.## #.....#
#...##§...##...#
#.###.#####.#.##§...##...#
#.# #..........##..##...##
#.###..........##..##...#
............#...####....#
##.###.#.#####..####..#†#
.....#.#.# ##..##..##.#
.#.#.###.# ##..##..##†#


You could see a steam dragon.

Vanquished Creatures
  Pikel (D:4)
  Sigmund (D:5)
  A water moccasin (D:5)
  A sky beast (D:6)
  A black bear (D:3)
  A phantom (D:5)
  A bullfrog (D:5)
  A necrophage (D:5)
  A gnoll sergeant (D:6)
  A scorpion (D:6)
  A hound (D:5)
  2 jellies
  Jessica (D:3)
  Ijyb (D:4)
  3 iguanas
  An orc wizard (D:3)
  7 gnolls
  4 adders
  A worm (D:3)
  4 dart slugs
  9 orcs
  9 endoplasms
  2 giant cockroaches
  4 goblins
  9 hobgoblins
  8 jackals
  8 kobolds
  3 quokkas
  4 ball pythons
  3 bats
  4 frilled lizards
  24 rats
122 creatures vanquished.

Notes
Turn   | Place    | Note
-------+----------+-------------------------------------------
     0 | D:1      | EvilAshe the Human Fighter began the quest for the Orb.
     0 | D:1      | Reached XP level 1. HP: 18/18 MP: 1/1
   294 | D:1      | Reached XP level 2. HP: 21/24 MP: 2/2
   603 | D:1      | Reached XP level 3. HP: 24/29 MP: 3/3
   864 | D:2      | Reached skill level 3 in Long Blades
  1081 | D:2      | Found a faded altar of an unknown god.
  1099 | D:2      | Found a faded altar of an unknown god.
  1469 | D:2      | Reached XP level 4. HP: 35/35 MP: 4/4
  1878 | D:3      | Noticed Jessica
  1887 | D:3      | Killed Jessica
  2443 | D:3      | Reached XP level 5. HP: 19/41 MP: 5/5
  2771 | D:3      | Reached skill level 4 in Long Blades
  2857 | D:3      | Noticed a black bear
  2949 | D:4      | Noticed Ijyb
  2959 | D:4      | Paralysed by Ijyb for 4 turns
  2968 | D:4      | Paralysed by Ijyb for 2 turns
  2977 | D:4      | Killed Ijyb
  3030 | D:4      | Noticed Pikel
  3030 | D:4      | Noticed a lemure
  3030 | D:4      | Noticed a lemure
  3030 | D:4      | Noticed a lemure
  3030 | D:4      | Noticed a lemure
  3086 | D:3      | Killed a black bear
  3087 | D:3      | Reached XP level 6. HP: 46/48 MP: 6/6
  3252 | D:3      | You fall into a shaft and drop 2 floors!
  3252 | D:5      | Entered Level 5 of the Dungeon
  3258 | D:5      | Reached skill level 1 in Evocations
  3301 | D:5      | Found a staircase to the Ecumenical Temple.
  3310 | Temple   | Entered the Ecumenical Temple
  3381 | Temple   | Became a worshipper of Warmaster Okawaru
  3576 | D:5      | Identified the ring of Benevolence {Fly rC+ Will+ Int+4}
  3755 | D:5      | Reached skill level 5 in Long Blades
  3755 | D:5      | Reached XP level 7. HP: 29/55 MP: 7/7
  3962 | D:5      | Noticed a water moccasin
  3979 | D:5      | Killed a water moccasin
  4396 | D:4      | Reached * piety under Okawaru
  4525 | D:4      | Noticed Eustachio
  4645 | D:4      | Killed Pikel
  4646 | D:4      | Reached skill level 5 in Fighting
  4646 | D:4      | Reached skill level 6 in Long Blades
  4646 | D:4      | Reached skill level 5 in Armour
  4646 | D:4      | Reached XP level 8. HP: 62/62 MP: 8/8
  5506 | D:5      | Identified the +6 long sword "Figib" {vorpal, rPois Dex+2}
  5636 | D:5      | Noticed Sigmund
  5647 | D:5      | Killed Sigmund
  5985 | D:5      | Reached ** piety under Okawaru
  5986 | D:5      | Reached skill level 7 in Long Blades
  6036 | D:5      | Found a runed translucent gate.
  6036 | D:5      | Noticed CoolSool's ghost (novice DrTm)
  6037 | D:5      | Found a runed translucent gate.
  6038 | D:5      | Found a runed translucent gate.
  6039 | D:5      | Identified the +3 scale mail of Piferph {rElec rPois Dex+4}
  6311 | D:6      | Reached XP level 9. HP: 63/68 MP: 9/9
  7027 | D:6      | Found Lippewim's Fire Supplies.
  7234 | D:5      | HP: 1/69 [steam dragon] (8)]
  7234 | D:5      | Slain by a steam dragon

Illustrated notes

Levels and vault maps discovered:
D:1:      minmay_arrival_checkered_box, layout_rooms, amcnicky_mini_pool_small,
          minmay_heptomino_o4
D:2:      layout_loops_corners, hellmonk_ecumenical_altar_the_god_not_taken,
          minmay_misc_feat_encased
D:3:      layout_basic, minmay_rat_hole, uniq_jessica
D:4:      layout_basic, uniq_ijyb, uniq_eustachio, uniq_pikel
D:5:      layout_loops_ring, minmay_temple_entry_statues,
          biasface_ghost_orc_armoury, serial_bayou_pond_c,
          minmay_misc_feat_roman, minmay_misc_feat_x, nrook_mini_vaults,
          kennysheep_generic_room_3, uniq_sigmund
D:6:      layout_rooms, hangedman_abyss_or_decor_passed, nicolae_shop_fire_sale
          [nicolae_sub_dead_trees]
Temple:   zaba_magenta_temple

Skill      XL: |  1  2  3  4  5  6  7  8  9 |
---------------+----------------------------+-----
Long Blades    | 3 4 5 6 7 |  7.6
Fighting       | 4 5 |  5.8
Armour         | 4 5 |  5.9
Evocations     | 1 3 4 |  4.0
Shields        | |  3.1

Action                   |  1- 3 |  4- 6 |  7- 9 || total
-------------------------+-------+-------+-------++-------
Melee: Long sword        |    94 |   227 |   195 ||   516
Throw: Boomerang         |       |       |    15 ||    15
       Stone             |       |       |     2 ||     2
Evoke: Wand              |       |     1 |     5 ||     6
  Use: Potion            |       |     1 |       ||     1
       Scroll            |       |       |     6 ||     6
 Stab: Paralysed         |       |     6 |    17 ||    23
Armor: Plate armour      |    77 |   162 |   138 ||   377
Dodge: Dodged            |    17 |    71 |    42 ||   130
Block: Buckler           |    18 |    41 |    29 ||    88
       Kite shield       |       |       |    20 ||    20
